 Dungeon Crawl Stone Soup version 0.26-a0-639-g72c4674329 (webtiles) character file.

Game seed: 902859378486408105

10096 Borgoz the Fighter (level 11, 0/73 HPs)
             Began as a Gargoyle Berserker on Sept 18, 2020.
             Was a High Priest of Trog.
             Hit by a boomerang thrown by an orc warrior (5 damage)
             ... on level 11 of the Dungeon.
             The game lasted 00:16:52 (13004 turns).

Borgoz the Fighter (Gargoyle Berserker)            Turns: 13004, Time: 00:16:53

Health: 0/73       AC: 24    Str: 23    XL:     11   Next: 56%
Magic:  11/11      EV: 14    Int:  9    God:    Trog [*****.]
Gold:   513        SH:  0    Dex: 12    Spells: 10/10 levels left

rFire    . . .     SeeInvis .   a - +4 great mace (flame)
rCold    . . .     Faith    +   (shield currently unavailable)
rNeg     + . .     Spirit   .   u - +3 scale mail of the Devil's Advocate {*Contam rElec Str+3}
rPois    ∞         Reflect  .   x - +0 helmet
rElec    +         Harm     .   d - +2 cloak
rCorr    .         Rampage  .   (no gloves)
MR       +....                  (no boots)
Stlth    ..........             p - amulet of faith
HPRegen  0.22/turn              n - ring of protection from magic
MPRegen  0.12/turn              (no ring)

@: berserk cooldown, slowed, very slow
A: negative energy resistance 1, electricity resistance, unbreathing,
petrification resistance, rot immunity, AC +8
a: Berserk, Trog's Hand, Brothers in Arms, Renounce Religion


You were on level 11 of the Dungeon.
You worshipped Trog.
Trog was extremely pleased with you.
You visited 2 branches of the dungeon, and saw 12 of its levels.

You collected 513 gold pieces.

Inventory:

Hand Weapons
 a - a +4 great mace of flaming (weapon)
Armour
 d - a +2 cloak (worn)
 u - the +3 scale mail of the Devil's Advocate (worn) {*Contam rElec Str+3}
   (You took it off an orc warrior on level 8 of the Dungeon)

   It affects your strength (+3).
   It insulates you from electricity.
   It causes magical contamination when unequipped.
 x - a +0 helmet (worn)
Jewellery
 n - a ring of protection from magic (left hand)
 p - an amulet of faith (around neck)
Wands
 w - a wand of disintegration (22)
 y - a wand of flame (17)
Scrolls
 e - a scroll of random uselessness {unknown}
 h - a scroll of immolation {unknown}
 i - 5 scrolls of remove curse
 j - 3 scrolls of fear {unknown}
 k - 3 scrolls of magic mapping
 m - 2 scrolls of teleportation
 o - 2 scrolls of fog {unknown}
 q - a scroll of noise {unknown}
 s - 2 scrolls of enchant armour
 z - 3 scrolls of acquirement {unknown}
Potions
 b - a potion of flight {unknown}
 f - 2 potions of resistance
 g - 3 potions of heal wounds
 l - 5 potions of curing
 r - 2 potions of invisibility
 t - a potion of magic
 v - 3 potions of stabbing
 A - a potion of berserk rage {unknown}


   Skills:
 + Level 10.4 Fighting
 + Level 9.5 Maces & Flails
 + Level 10.1 Armour
 + Level 7.7 Dodging


You had 10 spell levels left.
You didn't know any spells.
Your spell library was empty.

Dungeon Overview and Level Annotations

Branches:
Dungeon (11/15)            Temple (1/1) D:7            Lair (0/6) D:10
    Orc (0/2) D:9

Altars:
Ashenzari
Cheibriados
Dithmenos
Elyvilon
Fedhas
Gozag
Hepliaklqana
Kikubaaqudgha
Makhleb
Nemelex Xobeh
Okawaru
Qazlal
Ru
Sif Muna
Trog
Uskayaw
Vehumet
Wu Jian
Xom
Yredelemnul
Zin
The Shining One


Innate Abilities, Weirdness & Mutations

You are resistant to torment.
Your stone body is resilient. (AC +8)
You are immune to poison.
You resist negative energy. (rN+)
You are resistant to electric shocks. (rElec)
You can survive without breathing.
You are immune to petrification.
You are immune to rotting.


Message History

You start resting.
An orc warrior is nearby!
An orc warrior is nearby!
Evoke which item? (* to show all) (? for menu, Esc to quit)
Aiming: Disintegrate
Press: ? - help, Shift-Dir - straight line, f - orc warrior
Aim: an orc warrior, wielding a +8 dire flail, wearing a +0 chain mail and quivering 7 boomerangs (wandering, hasn't noticed you, chance to defeat MR: 65%)
The orc warrior shouts!
The orc warrior is blasted!!
The orc warrior throws a boomerang.
The boomerang hits you.
* * * LOW HITPOINT WARNING * * *
The weapon returns to the orc warrior!
Evoke which item? (* to show all) (? for menu, Esc to quit)
Aiming: Disintegrate
Press: ? - help, Shift-Dir - straight line, f/p - orc warrior
Aim: an orc warrior, wielding a +8 dire flail, wearing a +0 chain mail and quivering 7 boomerangs (heavily wounded, chance to defeat MR: 65%)
The orc warrior is blasted!
The orc warrior throws a boomerang.
The boomerang barely misses you.
The weapon returns to the orc warrior!
The orc warrior throws a boomerang.
The boomerang hits you.
You die...

.........# #........
........o# #.......)
..^...(.# #........
..(....#######........
#......(...(.....<...
#()...............)..
#((.))...[...........
#..([)....(..........
#...@..((..(......[..
#.........((.........
#..........(......)..
#....................
#...............!....
###.....#####........
+.....# #........
#.....# #........
#..... .......


You could see an orc warrior.

Vanquished Creatures
  A hydra (D:10)
  A two-headed ogre (D:8)
  Urug (D:10)
  An ugly thing (D:10)
  Joseph (D:8)
  Maggie (D:10)
  A troll (D:10)
  A hornet (D:10)
  A slime creature (D:7)
  A hippogriff (D:10)
  4 yaks (D:10)
  A warg (D:9)
  2 water moccasins
  2 porcupines (D:10)
  5 orc warriors
  3 sky beasts
  2 black bears (D:10)
  2 phantoms
  6 centaurs
  3 ogres
  2 crocodiles (D:10)
  A big kobold (D:10)
  6 bullfrogs
  A wyvern skeleton (D:7)
  8 scorpions
  A water moccasin skeleton (D:5)
  12 killer bees
  3 howler monkeys
  2 bullfrog zombies
  A centaur zombie (D:5)
  A quasit (D:5)
  5 hounds
  10 jellies
  A gnoll shaman (D:8)
  7 orc priests
  A bullfrog skeleton (D:10)
  A centaur skeleton (D:11)
  9 orc wizards
  An iguana (D:6)
  6 worker ants
  A killer bee zombie (D:6)
  2 hound skeletons
  A worker ant zombie (D:6)
  11 gnolls
  A howler monkey skeleton (D:4)
  8 adders
  2 shadow imps (D:7)
  A white imp (D:7)
  4 ufetubi
  12 oozes
  An adder skeleton (D:5)
  An adder zombie (D:6)
  3 worms
  10 leopard geckos
  33 orcs
  2 giant cockroaches (D:5)
  4 goblins
  3 hobgoblins
  20 jackals
  2 quokkas
  10 bats
  8 frilled lizards
  A jackal skeleton (D:4)
  10 kobolds
  2 leopard gecko skeletons
  3 rats
275 creatures vanquished.

Vanquished Creatures (others)
  A kobold (D:10)
  26 fungi
  25 plants (D:10)
52 creatures vanquished.

Grand Total: 327 creatures vanquished

Notes
Turn   | Place    | Note
-------+----------+-------------------------------------------
     0 | D:1      | Borgoz the Gargoyle Berserker began the quest for the Orb.
     0 | D:1      | Reached XP level 1. HP: 14/14 MP: 1/1
   154 | D:1      | You fall into a shaft and drop 1 floor!
   322 | D:2      | Reached XP level 2. HP: 13/19 MP: 2/2
   646 | D:1      | Reached XP level 3. HP: 21/23 MP: 3/3
  1195 | D:2      | Reached ** piety under Trog
  1519 | D:2      | Noticed a scorpion
  1528 | D:2      | Killed a scorpion
  1528 | D:2      | Reached XP level 4. HP: 16/29 MP: 4/4
  1798 | D:2      | Reached XP level 5. HP: 17/33 MP: 5/5
  2242 | D:3      | Found an opulent altar of Gozag.
  2573 | D:3      | Found a stormy altar of Qazlal.
  2694 | D:3      | You fall into a shaft and drop 1 floor!
  2894 | D:4      | Got a crystal long sword
  2895 | D:4      | Identified the +8 long sword "Qotuumm" {venom, MR+} (You
                  | found it on level 4 of the Dungeon)
  2933 | D:4      | Found a sacrificial altar of Ru.
  2967 | D:4      | Reached XP level 6. HP: 39/39 MP: 6/6
  3178 | D:4      | Noticed a phantom
  3212 | D:4      | Killed a phantom
  3212 | D:4      | Reached *** piety under Trog
  3578 | D:4      | Reached skill level 5 in Fighting
  3676 | D:4      | You fall into a shaft and drop 2 floors!
  3691 | D:6      | Reached XP level 7. HP: 44/44 MP: 7/7
  4058 | D:5      | Entered Level 5 of the Dungeon
  4083 | D:5      | Reached skill level 5 in Maces & Flails
  4261 | D:5      | Reached skill level 5 in Armour
  4850 | D:4      | Reached XP level 8. HP: 51/51 MP: 8/8
  5853 | D:6      | Found an ornate altar of the Wu Jian Council.
  5993 | D:6      | Found a shimmering blue altar of Sif Muna.
  5994 | D:6      | Found an opulent altar of Gozag.
  6001 | D:6      | Found a hazy altar of Hepliaklqana.
  6757 | D:7      | Reached **** piety under Trog
  6782 | D:7      | Reached XP level 9. HP: 27/56 MP: 9/9
  7164 | D:7      | Found a staircase to the Ecumenical Temple.
  7173 | Temple   | Entered the Ecumenical Temple
  7315 | D:7      | Reached skill level 5 in Dodging
  8560 | D:8      | Identified the +3 scale mail of the Devil's Advocate
                  | {*Contam rElec Str+3}
  8752 | D:8      | Noticed Joseph
  8767 | D:8      | Killed Joseph
  8767 | D:8      | Reached XP level 10. HP: 54/65 MP: 10/10
  9009 | D:8      | Reached ***** piety under Trog
  9210 | D:8      | Got a fine quarterstaff
  9211 | D:8      | Identified the +3 quarterstaff "Etaapnue" {venom, rC+
                  | Dex+3} (You found it on level 8 of the Dungeon)
  9214 | D:8      | Noticed a two-headed ogre
  9224 | D:8      | Killed a two-headed ogre
  9502 | D:8      | Found a burning altar of Makhleb.
  9761 | D:8      | Found a shadowy altar of Dithmenos.
 10449 | D:9      | Found a staircase to the Orcish Mines.
 11132 | D:9      | Found a glowing golden altar of the Shining One.
 11160 | D:10     | Entered Level 10 of the Dungeon
 11178 | D:10     | Received a gift from Trog
 11278 | D:10     | Found a staircase to the Lair.
 11664 | D:10     | Reached XP level 11. HP: 64/72 MP: 11/11
 11847 | D:10     | Noticed Maggie
 11868 | D:10     | Killed Maggie
 12152 | D:10     | Noticed Urug
 12176 | D:10     | Killed Urug
 12176 | D:10     | Reached skill level 10 in Fighting
 12463 | D:11     | Noticed a purple ugly thing
 12473 | D:11     | Noticed a seven-headed hydra
 12493 | D:10     | Killed a purple ugly thing
 12745 | D:10     | Killed a seven-headed hydra
 12748 | D:10     | Reached skill level 10 in Armour
 12990 | D:11     | HP: 5/109 [centaur (3)]
 13004 | D:11     | Hit by a boomerang thrown by an orc warrior

Illustrated notes

Levels and vault maps discovered:
D:1:      nzn_arrival_settlement, layout_basic
D:2:      layout_basic
D:3:      layout_loops_cross, lemuel_crystal_altar, grunt_gozag_statues
D:4:      layout_layer_cave, nicolae_ru_sacrificial_ziggurat
D:5:      minmay_evil_eye, layout_basic
D:6:      layout_basic, grunt_temple_overflow_open, basic_altar
D:7:      lemuel_slime, layout_loops_ring, minmay_temple_entry_tees,
          minmay_misc_feat_hallway
D:8:      layout_basic, marbit_many_paths,
          nicolae_dithmenos_through_a_glass_darkly, uniq_joseph
D:9:      layout_long_grid, tso_oasis_becter, erik_orc_4
D:10:     layout_roguey, due_lair_maze_entry_diamond, uniq_urug, uniq_maggie
D:11:     layout_gridville, serial_shops, nicolae_shop_waterfront, shop_scrolls,
          kennysheep_little_box
Temple:   jpeg_temple_clearing

Skill      XL: |  1  2  3  4  5  6  7  8  9 10 11 |
---------------+----------------------------------+-----
Dodging        | 2 3 4 6 7 |  7.7
Fighting       | 4 5 6 8 9 10 | 10.4
Armour         | 3 4 5 6 7 9 10 | 10.1
Maces & Flails | 4 5 6 7 8 9 |  9.5

Action                   |  1- 3 |  4- 6 |  7- 9 | 10-12 || total
-------------------------+-------+-------+-------+-------++-------
Melee: Mace              |   136 |   208 |   228 |       ||   572
       Flail             |       |       |   369 |    76 ||   445
       Dire flail        |       |       |       |    94 ||    94
       Great mace        |       |       |       |   182 ||   182
Invok: Berserk           |       |     1 |     4 |     7 ||    12
       Trog's Hand       |       |       |     1 |       ||     1
Evoke: Wand              |       |       |       |     2 ||     2
  Use: Scroll            |       |     8 |     6 |     4 ||    18
       Potion            |       |       |     1 |     1 ||     2
Armor: Animal skin       |     7 |       |       |       ||     7
       Ring mail         |    63 |    70 |       |       ||   133
       Scale mail        |       |    66 |   372 |   297 ||   735
Dodge: Dodged            |   106 |   173 |   465 |   417 ||  1161

Table legend: (Time is in decaauts)
 A = Elapsed time spent in this place.
 B = Non-inter-level travel time spent in this place.
 C = Inter-level travel time spent in this place.
 D = Time resting spent in this place.
 E = Time spent auto-exploring this place.
 F = Levels seen in this place.
 G = Mean time per level.
                   A        B        C        D        E       F      G
               +--------+--------+--------+--------+--------+-----+--------+
         Total |  13263 |  12896 |    367 |   2756 |   7716 |  12 | 1105.2 |
       Dungeon |  13179 |  12830 |    349 |   2756 |   7651 |  11 | 1198.1 |
        Temple |     83 |     65 |     18 |      0 |     65 |   1 |   83.0 |
               +--------+--------+--------+--------+--------+-----+--------+

Top non-repeatable levels by time:
    D:10: 1836 daAuts
     D:7: 1774 daAuts
     D:8: 1671 daAuts
     D:4: 1496 daAuts
     D:2: 1319 daAuts
     D:6: 1252 daAuts
     D:5: 1172 daAuts
     D:9: 1146 daAuts
     D:1: 935 daAuts
     D:3: 491 daAuts
    D:11: 84 daAuts
  Temple: 83 daAuts
